 Dungeon Crawl Stone Soup version 0.20-a0-537-g052e6ba (webtiles) character file.

99 volk64 the Ruffian (level 4, 0/40 HPs)
             Began as a Ghoul Monk on Jan 26, 2017.
             Was a Priest of Dithmenos.
             Slain by an ogre
             ... wielding a +0 giant club
              (13 damage)
             ... on level 3 of the Dungeon on Jan 27, 2017.
             The game lasted 00:07:14 (1680 turns).

volk64 the Ruffian (Ghoul Monk)                     Turns: 1680, Time: 00:07:15

Health: 0/40       AC:  2    Str: 15    XL:     4   Next: 72%
Magic:  3/3        EV: 13    Int:  5    God:    Dithmenos [***...]
Gold:   122        SH:  0    Dex: 11    Spells: 3/3 levels left

rFire    . . .     SeeInvis .   f - +1 mace (venom)
rCold    + . .     Gourm    +   a - +0 robe
rNeg     + + +     Faith    .   (no shield)
rPois    ∞         Spirit   .   (no helmet)
rElec    .         Reflect  .   (no cloak)
rCorr    .         Harm     .   (no gloves)
MR       .....                  (no boots)
Stlth    +++.......             c - amulet of the gourmand
Regen    0.1/turn               (no ring)
                                (no ring)

@: rotting, wreathed by umbra
A: rotting body, claws 1, carnivore 3, cold resistance 1, negative energy
resistance 3, slow regeneration 1, torment resistance, unbreathing
a: Shadow Step, Renounce Religion


You were on level 3 of the Dungeon.
You worshipped Dithmenos.
Dithmenos was most pleased with you.
You were not hungry.

You visited 1 branch of the dungeon, and saw 3 of its levels.

You collected 122 gold pieces.

Inventory:

Hand Weapons
 f - a +1 mace of venom (weapon)
Missiles
 i - 3 needles of frenzy (quivered)
Armour
 a - a +0 robe (worn)
Jewellery
 c - an amulet of the gourmand (around neck)
Scrolls
 e - a scroll of amnesia
 j - a scroll of fear
Potions
 d - a potion of heal wounds {unknown}
 h - a potion of cancellation {unknown}
Comestibles
 b - 5 meat rations
 g - 6 chunks of flesh


   Skills:
 + Level 4.0 Fighting
 + Level 1.1 Maces & Flails
 + Level 3.3 Dodging
 + Level 2.7 Stealth
 + Level 4.1 Unarmed Combat


You had 3 spell levels left.
You didn't know any spells.

Dungeon Overview and Level Annotations

Branches:
Dungeon (3/15)

Altars:
Dithmenos


Innate Abilities, Weirdness & Mutations

Your body is rotting away.
You thrive on raw meat.
You are immune to poison.
You have sharp fingernails.
You are carnivorous and can eat meat at any time.
Your flesh is cold resistant. (rC+)
You are immune to negative energy. (rN+++)
You regenerate slowly when monsters are visible.
You are immune to unholy pain and torment.
You can survive without breathing.


Message History

Dithmenos accepts your kill.
Things that are here:
a club; a hobgoblin corpse You butcher the hobgoblin corpse.
g - 6 chunks of flesh (gained 3)
You see here a club.
Found a bread ration.
h - a sedimented cyan potion An ogre comes into view.
It is wielding a giant club.
Found a scroll labeled COPPUEWIESI.
You hit the ogre.
The ogre is poisoned.
The ogre is lightly wounded.
The ogre hits you with a giant club!!
Ouch! That really hurt!
You emit a cloud of dark smoke.
You are too injured to fight recklessly!
You sock the ogre!
The ogre looks as sick as possible!
The ogre is heavily wounded.
The ogre hits you with a giant club!
You die...

#..# ####.##.##.
#..........%
#.##.##.##.#
#.##..# #.#
#.##.#.. ..
#.##§#####. #.#
#.#.§§####....?
#...#@O§§§....#
###..§####.####
##§####..<##
#.###.....####<##
#..[............#
###.#.....####...#
#.##...## #
###...# ###.#


You could see an ogre.

Vanquished Creatures
  4 adders (D:2)
  4 worms (D:2)
  A dart slug (D:1)
  2 leopard geckos (D:2)
  3 bats (D:1)
  2 giant cockroaches (D:1)
  5 goblins
  6 hobgoblins
  5 jackals (D:2)
  7 kobolds
  A quokka (D:3)
  4 frilled lizards
  5 rats
49 creatures vanquished.

Notes
Turn   | Place    | Note
-------+----------+-------------------------------------------
     0 | D:1      | volk64 the Ghoul Monk began the quest for the Orb.
     0 | D:1      | Reached XP level 1. HP: 19/19 MP: 0/0
    38 | D:1      | Reached XP level 2. HP: 22/26 MP: 1/1
   254 | D:1      | Upgraded the game from 0.20-a0-526-g753eaab to 0.20-a0-537-g052e6ba
   571 | D:1      | Reached XP level 3. HP: 30/33 MP: 2/2
   935 | D:2      | Found a faded altar of an unknown god.
   937 | D:2      | Became a worshipper of Dithmenos the Shadowed
   937 | D:2      | Reached * piety under Dithmenos
   937 | D:2      | Reached ** piety under Dithmenos
  1220 | D:2      | Found a shadowy altar of Dithmenos.
  1234 | D:2      | Reached *** piety under Dithmenos
  1234 | D:2      | Reached XP level 4. HP: 23/40 MP: 3/3
  1565 | D:2      | Reached skill level 1 in Maces & Flails
  1673 | D:3      | Noticed an ogre
  1680 | D:3      | Slain by an ogre

Vault maps used:
D:1:      minmay_arrival_up_and_down
D:2:      chequers_ecumenical_altar_twisty, nicolae_dithmenos_shadow_blocks
D:3:      first_bread

Skill      XL: |  1  2  3  4 |
---------------+-------------+-----
Dodging        | 3 |  3.3
Unarmed Combat | 4 |  4.1
Fighting       | 4 |  4.0
Maces & Flails | 1 |  1.1
Stealth        | |  2.7

Action                   |  1- 3 |  4- 6 || total
-------------------------+-------+-------++-------
Melee: Unarmed           |    64 |       ||    64
       Mace              |    25 |    34 ||    59
  Use: Potion            |     3 |     3 ||     6
       Scroll            |     3 |       ||     3
 Stab: Sleeping          |     3 |     3 ||     6
  Eat: Chunk             |     3 |     3 ||     6
Armor: Robe              |    19 |     2 ||    21
Dodge: Dodged            |    81 |    28 ||   109
